 Dungeon Crawl Stone Soup version 0.27.1-4-g1640c2035a (webtiles) character file.

Game seed: 4373208300782965617

8759 Urokeeper the Covert (level 11, -1/70 (75) HPs)
             Began as an Octopode Brigand on Nov 9, 2021.
             Was a Priest of Wu Jian.
             Slain by a two-headed ogre (19 damage)
             ... on level 10 of the Dungeon.
             The game lasted 00:47:16 (10385 turns).

Urokeeper the Covert (Octopode Brigand)            Turns: 10385, Time: 00:47:17

HP:   -1/70 (75)    AC:  1    Str: 22    XL:     11   Next: 35%
MP:   11/11         EV: 19    Int: 13    God:    Wu Jian [***...]
Gold: 473           SH:  7    Dex: 24    Spells: 10/10 levels left

rFire    x . .     SeeInvis +   w - +4 long sword
rCold    . . .     Faith    .   c - +1 buckler "Romirhu" {rPois rF- Slay+3 SInv}
rNeg     . . .     Spirit   .   (helmet restricted)
rPois    +         Reflect  .   (no amulet)
rElec    .         Harm     .   i - +6 ring of dexterity
rCorr    .         Rampage  .   t - ring of see invisible
Will     .....                  A - +6 ring of strength
Stlth    ++++++....             E - +6 ring of strength
HPRegen  0.21/turn              (no ring)
MPRegen  0.12/turn              (no ring)
                                (no ring)
                                (no ring)

@: drained
A: almost no armour, amphibious, 8 rings, camouflage 1, gelatinous body 1,
(nimble swimmer 1), tentacles
a: Renounce Religion, Wall Jump, Serpent's Lash


You were on level 10 of the Dungeon.
You worshipped Wu Jian.
Wu Jian was most pleased with you.
You visited 2 branches of the dungeon, and saw 12 of its levels.
You also visited: Bailey.

You collected 473 gold pieces.

Inventory:

Hand Weapons
 m - a +3 spear of venom
 w - a +4 long sword (weapon)
 D - a +3 dagger of draining
Missiles
 b - 26 poisoned darts
 r - 5 throwing nets
 s - 2 curare-tipped darts (quivered)
Armour
 c - the +1 buckler "Romirhu" (worn) {rPois rF- Slay+3 SInv}
   (You acquired it on level 5 of the Dungeon)

   Slay:      It affects your accuracy & damage with ranged weapons and melee
   (+3).
   rF:        It makes you vulnerable to fire.
   rPois:     It protects you from poison.
   SInv:      It lets you see invisible.
Jewellery
 i - a +6 ring of dexterity (left tentacle)
 t - a ring of see invisible (right tentacle)
 A - a +6 ring of strength (on tentacle)
 E - a +6 ring of strength (on tentacle)
Wands
 e - a wand of flame (26)
 h - a wand of charming (10)
 n - a wand of mindburst (16)
 v - a wand of polymorph (10)
 y - a wand of paralysis (11)
Scrolls
 d - 8 scrolls of teleportation
 f - 2 scrolls of noise
 l - a scroll of brand weapon
 o - 3 scrolls of immolation
 p - 2 scrolls of vulnerability
 F - a scroll of holy word
 G - a scroll of summoning {unknown}
 H - a scroll of silence {unknown}
Potions
 a - 2 potions of flight
 g - a potion of attraction
 k - a potion of resistance
 q - 3 potions of lignification
 u - a potion of mutation {unknown}
 x - a potion of brilliance
 z - a potion of cancellation
 B - a potion of curing
 C - a potion of magic
Miscellaneous
 j - a lightning rod (4/4)


   Skills:
 + Level 7.2 Fighting
 - Level 10.0(10.8) Short Blades
 + Level 6.7(9.3) Long Blades
 - Level 2.0 Throwing
 + Level 7.0 Dodging
 + Level 11.1 Stealth
 - Level 4.0 Shields


You had 10 spell levels left.
You didn't know any spells.
Your spell library contained the following spells:

 Spells                   Type           Power      Damage    Failure   Level
 Animate Skeleton         Necr           0%         N/A       30%         1
 Freeze                   Ice            0%         1d3       30%         1
 Pain                     Necr           0%         1d4       30%         1
 Corpse Rot               Necr/Air       N/A        N/A       43%         2
 Ensorcelled Hibernation  Hex/Ice        0%         N/A       43%         2
 Poisonous Vapours        Pois/Air       0%         N/A       43%         2
 Frozen Ramparts          Ice            0%         1d2       67%         3
 Spider Form              Tmut/Pois      0%         N/A       67%         3
 Vampiric Draining        Necr           0%         2d6       67%         3
 Hailstorm                Conj/Ice       0%         3d3       97%         4
 Freezing Cloud           Conj/Ice/Air   0%         6-21      100%        5
 Shadow Creatures         Summ           N/A        N/A       100%        6


Dungeon Overview and Level Annotations

Branches:
Dungeon (11/15)            Temple (1/1) D:4            Lair (0/6) D:10
 Bailey (visited)
    Orc: D:9-12

Altars:
Ashenzari
Cheibriados
Dithmenos
Elyvilon
Fedhas
Gozag
Hepliaklqana
Kikubaaqudgha
Makhleb
Nemelex Xobeh
Okawaru
Qazlal
Ru
Sif Muna
Trog
Uskayaw
Vehumet
Wu Jian
Xom
Yredelemnul
Zin
The Shining One

Shops:
D:4 *   D:7 [

Annotations:
D:2 exclusion: gnoll


Innate Abilities, Weirdness & Mutations

You cannot wear most types of armour.
You are amphibious.
You can wear up to eight rings at the same time.
Your skin changes colour to match your surroundings (Stealth+).
Your rubbery body absorbs attacks. (AC +1, EV +1)
((You are camouflaged near water. (Stealth+)))
You have tentacles for arms and can constrict up to eight enemies at once.


Message History

You squeeze the hell rat, but do no damage.
The hell rat is moderately wounded.
You constrict the hell rat. The hell rat bites you.
You feel drained.
You hit the hell rat.
The hell rat is heavily wounded.
You constrict the hell rat. The hell rat misses you.
You slash the hell rat!
You kill the hell rat!
The Council accepts your kill.
A hell rat comes into view.
The hell rat roars deafeningly!
You see here a +0 short sword.
Throw: 3 darts (curare)
Press: ? - help, Q - select action, (/) - cycle Shift-Dir - straight line, f - two-headed ogre
Aim: a two-headed ogre, wielding a +0 giant club and a +0 giant spiked club (81% to hit)
You throw a curare-tipped dart.
The curare-tipped dart hits the two-headed ogre.
The two-headed ogre is poisoned.
The two-headed ogre convulses.
The two-headed ogre seems to slow down.
The two-headed ogre is lightly wounded.
The hell rat twitches its whiskers.
You completely miss the two-headed ogre.
You squeeze the two-headed ogre!
The two-headed ogre is moderately wounded.
You hit the two-headed ogre.
The two-headed ogre is moderately wounded.
You block the two-headed ogre's attack.
The two-headed ogre hits you with a +0 giant spiked club!
You slash the two-headed ogre!
The two-headed ogre is heavily wounded.
The two-headed ogre is no longer moving slowly.
You hit the two-headed ogre.
The two-headed ogre is severely wounded.
The two-headed ogre completely misses you.
The two-headed ogre hits you with a +0 giant spiked club!!
* * * LOW HITPOINT WARNING * * *
You hit the two-headed ogre. You squeeze the two-headed ogre.
The two-headed ogre is severely wounded.
The two-headed ogre hits you with a +0 giant club!!
You die...

)# #.# #.# #.#. .# #.# #.# #.#.
.#########.########.##### #.#.
................#.......# #.#.
...........####.........#### #.#.
.....#.#....####...........# #.#.
.....'.<....'...........##.###.##
.....###....####.#..##.#.........
.....# ###### #@#..##.#.#.###.##
.....# #O#..##.#.[.# #... .....#
#r#..##.###.###### ######
#######(#..##........... ######
........#..##........... .....+
..........†............. ######
.......#....#........... .......
............#.........). ##.....
..........[.r.########..


You could see a two-headed ogre (very poisoned) and a hell rat.

Vanquished Creatures
  3 death yaks (D:10)
  2 two-headed ogres
  Nergalle (D:10)
  A deep elf pyromancer (D:8)
  An unseen horror (D:7)
  A wraith (D:8)
  A shadow (D:9)
  4 yaks (D:9)
  Eustachio (D:4)
  An acid dragon (D:10)
  A water moccasin (D:7)
  An ice beast (D:6)
  2 orc warriors
  A black bear (D:5)
  A necrophage (D:7)
  3 centaurs
  6 ogres
  A phantom (D:5)
  2 bullfrogs (D:7)
  3 gnoll sergeants
  2 scorpions
  5 wights
  2 howler monkeys
  3 hounds
  A jelly (D:4)
  4 orc priests
  3 centaur skeletons
  A bullfrog skeleton (D:6)
  4 iguanas
  11 orc wizards
  A hell rat (D:10)
  A hound zombie (D:5)
  A hound skeleton (D:4)
  15 gnolls
  4 adders
  A howler monkey skeleton (D:6)
  A shadow imp (D:6)
  2 white imps
  2 ufetubi (D:6)
  4 dart slugs
  25 orcs
  5 endoplasms
  6 giant cockroaches
  8 goblins
  9 hobgoblins
  3 jackals
  7 kobolds
  4 quokkas
  6 ball pythons
  6 bats
  4 frilled lizards
  7 rats
195 creatures vanquished.

Vanquished Creatures (others)
  A plant (D:10)
  7 toadstools (D:1)
8 creatures vanquished.

Grand Total: 203 creatures vanquished

Notes
Turn   | Place    | Note
-------+----------+-------------------------------------------
     0 | D:1      | Urokeeper the Octopode Brigand began the quest for the Orb.
     0 | D:1      | Reached XP level 1. HP: 14/14 MP: 1/1
   278 | D:1      | Reached XP level 2. HP: 19/19 MP: 2/2
   806 | D:1      | Reached XP level 3. HP: 24/24 MP: 3/3
  1601 | D:2      | Reached XP level 4. HP: 14/29 MP: 4/4
  3071 | D:3      | Reached skill level 5 in Short Blades
  3071 | D:3      | Reached XP level 5. HP: 34/34 MP: 5/5
  3382 | D:4      | Noticed an ogre
  3382 | D:4      | Noticed an ogre
  3392 | D:4      | Killed an ogre
  3405 | D:4      | Killed an ogre
  3406 | D:4      | Reached XP level 6. HP: 34/39 MP: 6/6
  3455 | D:4      | Found a staircase to the Ecumenical Temple.
  3469 | Temple   | Entered the Ecumenical Temple
  3562 | Temple   | Became a worshipper of the Wu Jian Council
  3644 | D:4      | Found Zitaf's General Store.
  3810 | D:4      | Found a broken altar of Ashenzari.
  3833 | D:4      | Reached XP level 7. HP: 18/45 MP: 7/7
  3891 | D:4      | Noticed Eustachio
  4053 | D:5      | Entered Level 5 of the Dungeon
  4415 | D:4      | Killed Eustachio
  4753 | D:5      | Reached XP level 8. HP: 24/50 MP: 8/8
  5162 | D:5      | Reached * piety under Wu Jian
  5181 | D:5      | Reached skill level 10 in Short Blades
  5282 | D:5      | Identified a scroll of acquirement
  5283 | D:5      | Acquired the +1 buckler "Romirhu" {rPois rF- Slay+3 SInv}
  6004 | D:5      | Reached skill level 1 in Long Blades
  6004 | D:5      | Reached skill level 6 in Stealth
  6102 | D:6      | Reached skill level 1 in Shields
  6399 | D:6      | Reached XP level 9. HP: 56/56 MP: 9/9
  6733 | D:6      | Reached skill level 7 in Stealth
  7216 | D:7      | Found a flagged portal.
  7219 | D:7      | Reached ** piety under Wu Jian
  7230 | Bailey   | Entered a bailey
  7397 | D:7      | Found Jaifin's Armour Emporium.
  7534 | D:7      | Noticed an unseen horror
  7536 | D:7      | Killed an unseen horror
  7717 | D:8      | Noticed a deep elf pyromancer
  7722 | D:8      | Killed a deep elf pyromancer
  7723 | D:8      | Reached skill level 8 in Stealth
  7723 | D:8      | Reached XP level 10. HP: 65/65 MP: 10/10
  7888 | D:8      | Reached skill level 5 in Fighting
  7995 | D:8      | Noticed a gargoyle
  7996 | D:8      | Noticed a gargoyle
  8230 | D:9      | Noticed a two-headed ogre
  8339 | D:9      | Killed a two-headed ogre
  8340 | D:9      | Reached skill level 5 in Dodging
  8340 | D:9      | Reached skill level 9 in Stealth
  8680 | D:9      | Reached skill level 5 in Long Blades
  9229 | D:10     | Entered Level 10 of the Dungeon
  9250 | D:10     | Noticed Nergalle
  9264 | D:10     | Killed Nergalle
  9265 | D:10     | Reached skill level 10 in Stealth
  9291 | D:10     | Noticed a two-headed ogre
  9321 | D:10     | Killed a two-headed ogre
  9322 | D:10     | Reached XP level 11. HP: 67/74 MP: 11/11
  9609 | D:10     | Noticed a death yak
  9623 | D:10     | Found a staircase to the Lair.
  9623 | D:10     | Noticed a death yak
  9632 | D:11     | Noticed a skeletal warrior
  9632 | D:11     | Noticed a skeletal warrior
  9638 | D:10     | Noticed a death yak
  9641 | D:10     | Killed a death yak
  9691 | D:10     | Killed a death yak
  9706 | D:10     | Killed a death yak
  9707 | D:10     | Reached skill level 11 in Stealth
  9895 | D:10     | Reached *** piety under Wu Jian
 10091 | D:10     | Noticed a two-headed ogre
 10385 | D:10     | Slain by a two-headed ogre

Illustrated notes

Levels and vault maps discovered:
D:1:      nagdon_arrival_double_spiral, layout_basic
D:2:      layout_loops_cross
D:3:      layout_basic, serial_rivers, chequers_serial_rivers_small_3,
          chequers_serial_rivers_micro_a, chequers_serial_rivers_small_b,
          chequers_serial_rivers_room_a, chequers_serial_rivers_small_3
D:4:      cheibrodos_helix_gallery, layout_basic, mainiacjoe_overflow_chevrons,
          minmay_temple_entry_stoned_glass, serial_shops,
          nicolae_inconvenience_store, minmay_tree_intersection, minivault_19,
          uniq_eustachio
D:5:      layout_rooms, hangedman_abyss_or_decor_slice
D:6:      layout_loops_ring
D:7:      layout_rooms, enter_bailey_5, serial_shops, nicolae_diamond_shop,
          minmay_between
D:8:      layout_gridville, kennysheep_path_1, minmay_radiant, uniq_maurice,
          uniq_erica
D:9:      layout_long_grid, nicolae_wwwww
D:10:     layout_basic, dpeg_lair_monsters, serial_bayou_pond_a, uniq_nergalle
D:11:     regret_index_wax_grids, layout_cross, nicolae_transmutations_shop,
          hangedman_incinerator
Temple:   compressed_dpeg_circular_temple

Skill      XL: |  1  2  3  4  5  6  7  8  9 10 11 |
---------------+----------------------------------+-----
Short Blades   | 3 4 5 6 7 9 10 | 10.0
Dodging        | 2 4 6 7 |  7.0
Long Blades    | 1 4 6 |  6.7
Stealth        | 6 8 10 11 | 11.1
Shields        | 1 4 |  4.0
Fighting       | 3 4 6 7 |  7.2
Throwing       | |  2.0

Action                   |  1- 3 |  4- 6 |  7- 9 | 10-12 || total
-------------------------+-------+-------+-------+-------++-------
Melee: Dagger            |    61 |    74 |    69 |    29 ||   233
       Constrict         |    11 |    16 |    40 |    19 ||    86
       Tentacles         |    10 |    14 |    42 |    53 ||   119
       Falchion          |       |       |     4 |       ||     4
       Spear             |       |       |    92 |       ||    92
       Unarmed           |       |       |     1 |       ||     1
       Long sword        |       |       |    24 |    93 ||   117
Throw: Dart              |     3 |     1 |     5 |    18 ||    27
Invok: Lunge             |       |     2 |    19 |    19 ||    40
       Whirlwind         |       |       |       |     1 ||     1
Evoke: Wand              |       |     4 |     9 |       ||    13
  Use: Scroll            |       |     5 |    10 |     4 ||    19
       Potion            |       |     3 |     3 |     5 ||    11
 Stab: Sleeping          |    12 |    13 |    12 |     1 ||    38
       Distracted        |       |       |     1 |       ||     1
Armor: Skin              |     3 |     4 |     5 |       ||    12
Dodge: Dodged            |    36 |    24 |    76 |    40 ||   176
Block: Buckler           |       |       |    14 |    19 ||    33
       Rpst.: Long sword |       |       |     2 |     6 ||     8
